 Dungeon Sprint DCSS version 0.17-a0-2109-g117576f (webtiles) character file.

2457 esc the Arsonist (level 9, -6/56 HPs)
             Began as a Deep Elf Fire Elementalist on Oct 19, 2015.
             Was the Champion of Vehumet.
             Mangled by a merfolk
             ... wielding the +4 dagger "Morg" {pain, MR+ Int+5}
              (21 damage)
             ... in the Dungeon (Sprint V: "Ziggurat Sprint").
             The game lasted 00:08:36 (578 turns).

esc the Arsonist (Deep Elf Fire Elementalist)        Turns: 578, Time: 00:08:36

Health: -6/56      AC:  2    Str:  3    XL:     9   Next: 26%
Magic:  19/26      EV:  9    Int: 36    God:    Vehumet [******]
Gold:   0          SH:  0    Dex: 15    Spells: 4 memorised, 16 levels left

rFire  . . .     SeeInvis .     C - staff of energy {@w1+MP, hungerless spells, !d!a}
rCold  . . .     Clarity  .     J - +0 robe of Joy {rN++ Regen+ Str-2} (curse)
rNeg   + + +     SustAt   .     (no shield)
rPois  .         Gourm    .     (no helmet)
rElec  .         Spirit   .     (no cloak)
rCorr  .         Warding  +     (no gloves)
rMut   .         NoTele   +     (no boots)
MR     .....                    L - amulet of warding {Ward, rN+, !d}
Stlth  ++........               H - +6 ring of intelligence
                                G - +6 ring of intelligence

@: held, regenerating, not resistant to hostile enchantments, unstealthy
A: no striking features
a: Renounce Religion


You were in the Dungeon.
You worshipped Vehumet.
Vehumet was exalted by your worship.
You were not hungry.

You visited 1 branch

Inventory:

Hand Weapons
 m - a +5 quick blade of flaming
   (You found it in the Dungeon)
Armour
 J - the cursed +0 robe of Joy (worn) {rN++ Regen+ Str-2}
   (You found it in the Dungeon)

   It affects your strength (-2).
   It greatly protects you from negative energy.
   It increases your rate of regeneration.
   It has a curse placed upon it.
Magical Staves
 C - an uncursed staff of energy (weapon) {@w1+MP, hungerless spells, !d!a}
   (You found it in the Dungeon)
 F - an uncursed staff of earth
   (You found it in the Dungeon)
Jewellery
 a - an uncursed ring of wizardry {Wiz+, !d}
   (You found it in the Dungeon)
 E - the ring "Noweor" {Ice MP+9}
   (You found it in the Dungeon)

   [ring of ice]

   It enhances your ice magic, and weakens your fire magic.
   It makes you vulnerable to fire.
   It protects you from cold.
   It affects your magic capacity (+9).
 G - a +6 ring of intelligence (left hand)
   (You found it in the Dungeon)
 H - a +6 ring of intelligence (right hand)
   (You found it in the Dungeon)
 L - an amulet of warding (around neck) {Ward, rN+, !d}
   (You found it in the Dungeon)
Wands
 y - a wand of disintegration (6)
   (You found it in the Dungeon)
 z - a wand of fire (3)
   (You found it in the Dungeon)
 A - a wand of cold (4)
   (You found it in the Dungeon)
 B - a wand of draining (3)
   (You found it in the Dungeon)
Scrolls
 i - 4 scrolls of blinking {!r}
 p - 4 scrolls of amnesia
 q - 3 scrolls of recharging
 r - 7 scrolls of fog
 s - a scroll of holy word {!r}
 t - 5 scrolls of identify
 u - 5 scrolls of remove curse
 v - 2 scrolls of fear
Potions
 d - 10 potions of curing
 e - 7 potions of heal wounds
 f - 6 potions of haste
 g - 7 potions of magic
 h - 3 potions of berserk rage {!q}
 j - 2 potions of brilliance
 k - 2 potions of invisibility
 l - 4 potions of resistance
 n - 8 potions of agility
 o - 5 potions of might
Books
 b - a book of Flames
Miscellaneous
 D - a crystal ball of energy
   (You found it in the Dungeon)
 K - a disc of storms
   (You found it in the Dungeon)
 M - a sack of spiders
   (You found it in the Dungeon)
Comestibles
 c - 5 bread rations {@e1}
 w - 42 fruits
 x - 4 meat rations {@e2}
 I - 5 chunks of flesh {@w0}


   Skills:
 + Level 6.9 Fighting
 + Level 9.3 Dodging
 - Level 2.4 Stealth
 - Level 11.0 Spellcasting
 - Level 9.0 Conjurations
 - Level 7.7 Charms
 + Level 12.2 Fire Magic
 - Level 8.0 Evocations


You had 16 spell levels left.
You knew the following spells:

 Your Spells              Type           Power        Failure   Level  Hunger
a - Flame Tongue          Conj/Fire      #####        1%          1    None
f - Fireball              Conj/Fire      #######...   1%          5    None
r - Regeneration          Chrm/Necr      #####.....   1%          3    None
z - Iskenderun's Battles  Conj/Chrm      ######..     1%          5    None


Dungeon Overview and Level Annotations

Branches:
Dungeon (1/1)

Altars:
Ashenzari
Cheibriados
Dithmenos
Elyvilon
Fedhas
Gozag
Kikubaaqudgha
Makhleb
Nemelex Xobeh
Okawaru
Qazlal
Ru
Sif Muna
Trog
Vehumet
Xom
Yredelemnul
Zin
The Shining One
Beogh
Jiyva
Lugonu


Message History

Vehumet accepts your kill.
You feel your power returning.
Your Evocations skill increases to level 8!
You now have 14/26 mp.
Aim: a ball python The flame tongue hits the ball python.
Your battlesphere fires!
The barrage of energy hits the ball python.
You kill the ball python!
Vehumet accepts your kill.
Health restored: 56 You see here a naga corpse.
You see here a black mamba corpse.
You see here a +0 dire flail of draining.
You see here the +1 fire dragon armour of Trial and Error {rF++ rC- MR+, rF++, rC-}.
You see here a +0 quarterstaff of protection.
You see here a sack of spiders.
You swap places.
You see here a +0 quarterstaff of protection.
You see here the +1 fire dragon armour of Trial and Error {rF++ rC- MR+, rF++, rC-}.
You see here a +0 dire flail of draining.
You see here a black mamba corpse.
You see here a +2 leather armour of cold resistance.
You see here a +0 quarterstaff of protection.
You see here the +1 fire dragon armour of Trial and Error {rF++ rC- MR+, rF++, rC-}.
You see here a +0 quarterstaff of protection.
You see here a sack of spiders.
M - a sack of spiders You see here a +0 quarterstaff of protection.
You see here a +1 hand crossbow of flaming.
You see here a +0 quarterstaff of protection.
You start resting.
Your battlesphere wavers and loses cohesion.
You regained 5 mp, and now have 23/26 mp.
You start resting.
MP restored: 26 You see here a +2 leather armour of cold resistance.
You see here a +0 quarterstaff of protection.
Your surroundings seem different!
Welcome to arena 8.
A sheep, a hippogriff, 3 merfolk and 2 centaurs come into view.
The hippogriff screeches!
The centaur picks up the ring of Yfrel {Dex+3 Stlth-}.
The centaur puts on the ring of Yfrel {Dex+3 Stlth-}.
The merfolk unwields an uncursed trident.
The merfolk drops an uncursed trident.
The merfolk picks up a +0 falchion of holy wrath.
The merfolk wields a +0 falchion of holy wrath.
It softly glows with a divine radiance!
The merfolk unwields an uncursed trident.
The merfolk drops an uncursed trident.
The merfolk picks up the +4 dagger "Morg" {pain, MR+ Int+5}.
The merfolk wields the +4 dagger "Morg" {pain, MR+ Int+5}.
You conjure a globe of magical energy.
The merfolk shouts!
The centaur shouts!
The centaur shouts!
The merfolk shouts!
The sheep bellows!
The merfolk shouts!
The centaur wields a shortbow.
The centaur shoots an arrow.
The arrow hits you.
The merfolk throws a throwing net.
The throwing net hits you.
You become entangled in the net!
You take 6 damage, and have 50/56 hp.
You now have 21/26 mp.
Okay, then.
Your skin crawls.
The centaur shoots an arrow.
The arrow hits your battlesphere!
The merfolk throws a tomahawk.
The tomahawk hits your battlesphere!
Your battlesphere is destroyed!
The centaur wields a shortbow.
The centaur shoots an arrow.
The arrow hits you!
You take 14 damage, and have 36/56 hp.
MASSIVE DAMAGE!!
You now have 18/26 mp.
You struggle against the net.
The centaur shoots an arrow.
The arrow hits you.
The merfolk throws a tomahawk.
The tomahawk hits you!
The centaur shoots an arrow.
The arrow hits you!
You take 17 damage, and have 19/56 hp.
MASSIVE DAMAGE!!
Drink which item? (? for menu, Esc to quit)
You feel much better.
The centaur shoots an arrow.
The arrow hits you!
You regained 6 hp, and now have 25/56 hp.
You try to slip out of the net.
The merfolk hits you from afar with an enchanted trident!
The merfolk hits you with the +4 dagger "Morg" {pain, MR+ Int+5}.
You take 8 damage, and have 17/56 hp.
Unknown command.
Read which item? (? for menu, Esc to quit)
Okay, then.
Drink which item? (? for menu, Esc to quit)
You feel much better.
The merfolk hits you from afar with an enchanted trident!!
The merfolk hits you with the +4 dagger "Morg" {pain, MR+ Int+5}!!
* * * LOW HITPOINT WARNING * * *
You take 14 damage, and have 3/56 hp.
MASSIVE DAMAGE!!
Drink which item? (? for menu, Esc to quit)
You feel much better.
The centaur unwields an uncursed shortbow.
The centaur closely misses you.
The centaur unwields an uncursed shortbow.
The centaur closely misses you.
The merfolk hits you from afar with an enchanted trident!
* * * LOW HITPOINT WARNING * * *
The merfolk hits you with the +4 dagger "Morg" {pain, MR+ Int+5}!!
You die...

▓..8©8..▓
▓..).}\...▓..))...▓
▓...|:)...▓..[§...▓
▓.........▓...††..▓
▓.........▓...†.†.▓
▓....H....▓.......▓
▓..cmY....▓.......▓
▓.▓.mmc.▓.▓.▓...▓.▓
▓....@....▓.......▓
▓▓▓▓▓▓▓▓▓▓▓▓▓▓▓▓▓▓▓
▓..8©8..▓ ▓..[)...▓
▓..))[..▓ ▓...†...▓
▓..†.)..▓ ▓.......▓
▓.......▓


You could see 3 merfolk, a hippogriff, 2 centaurs and a sheep.

Vanquished Creatures
  A naga mage (D)
  A black mamba (D)
  2 jumping spiders (D)
  A yak (D)
  A wolf (D)
  A naga (D)
  A water moccasin (D)
  3 porcupines (D)
  3 black bears (D)
  A giant frog (D)
  4 scorpions (D)
  An iron imp (D)
  3 iguanas (D)
  An adder (D)
  2 ufetubi (D)
  A jackal (D)
  3 ball pythons (D)
30 creatures vanquished.

Vanquished Creatures (others)
  A spatial maelstrom (D)
1 creature vanquished.

Grand Total: 31 creatures vanquished

Notes
Turn   | Place    | Note
--------------------------------------------------------------
     0 | D        | esc the Deep Elf Fire Elementalist began the quest for the Orb.
     0 | D        | Reached XP level 1. HP: 10/10 MP: 6/6
     0 | D        | Found a roughly hewn altar of Beogh.
     0 | D        | Found a corrupted altar of Lugonu.
     0 | D        | Found a viscous altar of Jiyva.
     0 | D        | Found a white marble altar of Elyvilon.
     0 | D        | Found a sparkling altar of Nemelex Xobeh.
     0 | D        | Found a burning altar of Makhleb.
     0 | D        | Found an iron altar of Okawaru.
     0 | D        | Found a deep blue altar of Sif Muna.
     0 | D        | Found a radiant altar of Vehumet.
     0 | D        | Found a bloodstained altar of Trog.
     0 | D        | Found a shimmering altar of Xom.
     0 | D        | Banished a spatial maelstrom
    20 | D        | Reached skill level 2 in Fighting
    20 | D        | Reached skill level 5 in Spellcasting
    20 | D        | Reached skill level 4 in Conjurations
    20 | D        | Reached skill level 5 in Fire Magic
    20 | D        | Reached XP level 2. HP: 13/18 MP: 6/10
    32 | D        | Became a worshipper of Vehumet
    94 | D        | Entered arena 1.
    97 | D        | Reached skill level 6 in Spellcasting
   101 | D        | Got the ring "Noweor" {Ice MP+9}
   128 | D        | Entered arena 2.
   128 | D        | Noticed an iron imp
   130 | D        | Reached * piety under Vehumet
   130 | D        | Offered knowledge of Sandblast by Vehumet.
   135 | D        | Reached XP level 3. HP: 17/22 MP: 4/12
   137 | D        | Killed an iron imp
   137 | D        | Reached skill level 7 in Spellcasting
   137 | D        | Reached skill level 5 in Conjurations
   137 | D        | Reached skill level 6 in Fire Magic
   286 | D        | Entered arena 3.
   286 | D        | Noticed an iguana
   286 | D        | Noticed a yak
   286 | D        | Noticed a porcupine
   286 | D        | Noticed a porcupine
   289 | D        | Killed a yak
   289 | D        | Reached ** piety under Vehumet
   289 | D        | Reached skill level 9 in Spellcasting
   289 | D        | Reached skill level 7 in Conjurations
   289 | D        | Reached skill level 8 in Fire Magic
   289 | D        | Reached XP level 4. HP: 27/27 MP: 14/17
   289 | D        | Reached XP level 5. HP: 31/31 MP: 14/18
   290 | D        | Killed an iguana
   291 | D        | Killed a porcupine
   291 | D        | Reached skill level 10 in Spellcasting
   291 | D        | Reached skill level 8 in Conjurations
   291 | D        | Reached skill level 9 in Fire Magic
   291 | D        | Reached XP level 6. HP: 36/36 MP: 14/21
   294 | D        | Killed a porcupine
   294 | D        | Reached skill level 11 in Spellcasting
   294 | D        | Reached skill level 9 in Conjurations
   301 | D        | Learned a level 5 spell: Fireball
   363 | D        | Entered arena 4.
   363 | D        | Noticed a wolf
   363 | D        | Noticed a black bear
   363 | D        | Noticed a black bear
   363 | D        | Noticed a black bear
   364 | D        | Killed a black bear
   364 | D        | Offered knowledge of Freeze by Vehumet.
   364 | D        | Reached *** piety under Vehumet
   364 | D        | Reached skill level 3 in Fighting
   364 | D        | Reached skill level 3 in Dodging
   364 | D        | Reached skill level 1 in Evocations
   365 | D        | Killed a black bear
   365 | D        | Reached skill level 4 in Dodging
   365 | D        | Reached skill level 10 in Fire Magic
   365 | D        | Reached skill level 3 in Evocations
   365 | D        | Reached XP level 7. HP: 39/42 MP: 16/23
   365 | D        | Killed a wolf
   365 | D        | Reached skill level 4 in Fighting
   365 | D        | Reached skill level 5 in Dodging
   365 | D        | Reached skill level 4 in Evocations
   365 | D        | Killed a black bear
   399 | D        | Entered arena 5.
   399 | D        | Noticed an iguana
   399 | D        | Noticed a giant frog
   399 | D        | Noticed a porcupine
   399 | D        | Noticed an iguana
   400 | D        | Killed an iguana
   400 | D        | Reached **** piety under Vehumet
   401 | D        | Killed a giant frog
   401 | D        | Reached skill level 6 in Dodging
   401 | D        | Killed an iguana
   403 | D        | Killed a porcupine
   403 | D        | Reached skill level 5 in Fighting
   403 | D        | Reached skill level 5 in Evocations
   403 | D        | Reached XP level 8. HP: 49/49 MP: 17/25
   408 | D        | Got the cursed +0 robe of Joy {rN++ Regen+ Str-2}
   422 | D        | Identified the Guide on Good Luck (You found it in the Dungeon)
   426 | D        | Learned a level 3 spell: Regeneration
   426 | D        | Identified the Guide on Good Luck (You found it in the Dungeon)
   426 | D        | Identified the Guide on Good Luck (You found it in the Dungeon)
   432 | D        | Learned a level 5 spell: Iskenderun's Battlesphere
   447 | D        | Entered arena 6.
   447 | D        | Noticed a scorpion
   447 | D        | Noticed a jumping spider
   447 | D        | Noticed a scorpion
   447 | D        | Noticed a scorpion
   447 | D        | Noticed a jumping spider
   447 | D        | Noticed a scorpion
   449 | D        | Killed a scorpion
   449 | D        | Reached ***** piety under Vehumet
   449 | D        | Reached skill level 1 in Charms
   449 | D        | Reached skill level 11 in Fire Magic
   450 | D        | Killed a scorpion
   450 | D        | Killed a scorpion
   450 | D        | Reached skill level 2 in Charms
   450 | D        | Killed a jumping spider
   450 | D        | Reached skill level 7 in Dodging
   450 | D        | Reached skill level 4 in Charms
   450 | D        | Reached skill level 6 in Evocations
   452 | D        | Killed a scorpion
   453 | D        | Killed a jumping spider
   453 | D        | Reached skill level 6 in Fighting
   453 | D        | Reached skill level 8 in Dodging
   453 | D        | Reached skill level 5 in Charms
   503 | D        | Entered arena 7.
   503 | D        | Noticed a black mamba
   503 | D        | Noticed a water moccasin
   503 | D        | Noticed a naga mage
   503 | D        | Noticed a naga
   505 | D        | Killed a water moccasin
   505 | D        | Killed a black mamba
   505 | D        | Reached skill level 6 in Charms
   505 | D        | Reached skill level 7 in Evocations
   505 | D        | Reached XP level 9. HP: 54/56 MP: 18/26
   506 | D        | Killed a naga mage
   506 | D        | Reached skill level 9 in Dodging
   506 | D        | Reached skill level 7 in Charms
   506 | D        | Reached skill level 12 in Fire Magic
   506 | D        | Killed a naga
   506 | D        | Reached ****** piety under Vehumet
   506 | D        | Reached skill level 8 in Evocations
   571 | D        | Entered arena 8.
   571 | D        | Noticed a merfolk
   571 | D        | Noticed a centaur
   571 | D        | Noticed a centaur
   571 | D        | Noticed a hippogriff
   571 | D        | Noticed a merfolk
   571 | D        | Noticed a merfolk
   577 | D        | HP: 3/56 [merfolk/the +4 dagger "Morg" {pain, MR+ Int+5} (21)]
   578 | D        | Mangled by a merfolk

Vault maps used:
D:        sprint_v

Action                   |  1- 3 |  4- 6 |  7- 9 || total
-------------------------+-------+-------+-------++-------
 Cast: Flame Tongue      |    10 |     4 |     6 ||    20
       Fireball          |       |     1 |     7 ||     8
       Iskenderun's Batt |       |       |     3 ||     3
       Regeneration      |       |       |     1 ||     1
Evoke: Wand              |     4 |     2 |       ||     6
  Use: Potion            |     1 |       |     3 ||     4
       Scroll            |       |     1 |       ||     1

Vault maps used:
D:        sprint_v

Table legend:
 A = Turns spent in this place as a percentage of turns spent in the entire game.
 B = Non-inter-level travel turns spent in this place as a percentage of non-inter-level travel turns spent in the entire game.
 C = Inter-level travel turns spent in this place as a percentage of turns spent in this place.
 D = Turns resting spent in this place as a percentage of non-inter-level travel turns spent in this place.
 E = Turns spent auto-exploring this place as a percentage of non-inter-level travel turns spent in this place.
 F = Non-inter-level travel turns spent in this place divided by the number of levels of this place that you've seen.
                   A       B       C       D       E      F
               +-------+-------+-------+-------+-------+----------------------
         Total | 100.0 | 100.0 |   0.0 |   6.1 |   0.0 | 244.0
       Dungeon | 100.0 | 100.0 |   0.0 |   6.1 |   0.0 | 244.0
               +-------+-------+-------+-------+-------+----------------------

Table legend:
 A = Kills in this place as a percentage of kills in entire the game.
 B = Kills by you in this place as a percentage of kills by you in the entire game.
 C = Kills by friends in this place as a percentage of kills by friends in the entire game.
 D = Other kills in this place as a percentage of other kills in the entire game.
 E = Experience gained in this place as a percentage of experience gained in the entire game.
 F = Experience gained in this place divided by the number of levels of this place that you have seen.
                   A       B       C       D       E      F
               +-------+-------+-------+-------+-------+----------------------
         Total | 100.0 | 100.0 |  -nan |  -nan | 100.0 | 3498.0
       Dungeon | 100.0 | 100.0 |  -nan |  -nan | 100.0 | 3498.0
               +-------+-------+-------+-------+-------+----------------------
